 Dungeon Crawl Stone Soup version 0.28.0 (webtiles) character file.

Game seed: 9468831969455196565

558 arthad the Shield-Bearer (level 7, 0/55 HPs)
             Began as a Formicid Fighter on Feb 13, 2022.
             Slain by an ufetubus (2 damage)
             ... on level 4 of the Dungeon.
             The game lasted 00:06:30 (3352 turns).

arthad the Shield-Bearer (Formicid Fighter)         Turns: 3352, Time: 00:06:31

Health: 0/55       AC:  7    Str: 23    XL:     7   Next: 56%
Magic:  7/7        EV: 10    Int:  7    God:
Gold:   113        SH: 10    Dex: 10    Spells: 6/6 levels left

rFire   . . .      SeeInvis +   a - +0 war axe
rCold   . . .      Faith    .   c - +0 buckler
rNeg    . . .      Spirit   .   b - +0 scale mail
rPois   .          Reflect  +   (helmet unavailable)
rElec   .          Harm     .   (no cloak)
rCorr   .          Rampage  .   (no gloves)
Will    .....                   (no boots)
Stlth   +.........              o - amulet of reflection
HPRegen 0.18/turn               (no ring)
MPRegen 0.10/turn               (no ring)

@: flying
A: permanent stasis, dig shafts and tunnels, antennae 3, four strong arms
a: Dig, Shaft Self


You were on level 4 of the Dungeon.
You visited 1 branch of the dungeon, and saw 5 of its levels.

You collected 113 gold pieces.

Inventory:

Hand Weapons
 a - a +0 war axe (weapon)
 f - a +0 hunting sling
Missiles
 i - 234 stones
 r - 60 bolts
Armour
 b - a +0 scale mail (worn)
 c - a +0 buckler (worn)
Jewellery
 o - an amulet of reflection (around neck)
 q - an amulet of the acrobat
Wands
 n - a wand of paralysis (2)
 s - a wand of iceblast (9)
Scrolls
 e - 2 scrolls of immolation {unknown}
 g - 2 scrolls of fear {unknown}
 h - a scroll of enchant weapon {unknown}
 j - a scroll of teleportation {unknown}
 k - 2 scrolls of fog {unknown}
 l - 4 scrolls of identify {unknown}
 m - 3 scrolls of magic mapping {unknown}
 v - a scroll of vulnerability {unknown}
 w - a scroll of amnesia {unknown}
 x - a scroll of enchant armour {unknown}
Potions
 d - a potion of might
 p - a potion of flight


   Skills:
 * Level 4.7 Fighting
 * Level 3.8 Axes
 * Level 4.8 Armour
 + Level 1.8 Dodging
 + Level 2.6 Stealth
 * Level 5.5 Shields
 + Level 1.2 Evocations


You had 6 spell levels left.
You didn't know any spells.
Your spell library contained the following spells:

 Spells                   Type           Power      Damage    Failure   Level
 Summon Guardian Golem    Hex/Summ       0%         N/A       99%         3
 Orb of Destruction       Conj           0%         9d5       100%        7
 Spellforged Servitor     Conj/Summ      0%         N/A       100%        7


Dungeon Overview and Level Annotations

Branches:
Dungeon (5/15)
 Temple: D:4-7

Altars:
Kikubaaqudgha

Annotations:
D:3 2 runed translucent doors, HallandMoats's ghost, amateur DsFi


Innate Abilities, Weirdness & Mutations

You cannot be hasted, slowed, berserked, paralysed or teleported.
You can dig through walls and to a lower floor.
You have a pair of large antennae on your head. (SInv)
Your four strong arms can wield two-handed weapons with a shield.


Message History

You feel sick. The adder closely misses you. The ufetubus barely misses you.
You block the ufetubus's attack.
There is a stone staircase leading up here.
You feel sick. The adder barely misses you. The ufetubus barely misses you.
You block the ufetubus's attack. You block the adder's attack.
You fly upwards.
You feel sick.
You are no longer poisoned.
There is a stone staircase leading down here.
You closely miss the adder. You miss the ufetubus. The ufetubus hits you.
* * * LOW HITPOINT WARNING * * *
You block the ufetubus's attack. The adder bites you but does no damage.
You block the ufetubus's attack. The ufetubus barely misses you.
Aiming: Paralyse
Press: ? - help, Shift-Dir - straight line, f - adder
Aim: an adder (chance to affect: 61%)
The adder resists with significant effort.
You block the ufetubus's attack.
The ufetubus hits you but does no damage.
The adder barely misses you. You block the ufetubus's attack. x2
The adder bites you.
* * * LOW HITPOINT WARNING * * *
Aiming: Paralyse
Press: ? - help, Shift-Dir - straight line, f/p - adder
Aim: an adder (chance to affect: 61%)
The adder suddenly stops moving!
You block the ufetubus's attack.
The ufetubus hits you but does no damage.
The helpless adder fails to defend itself.
You slash the adder!
You kill the adder!
You barely miss the ufetubus. You block the ufetubus's attack.
The ufetubus closely misses you. You block the ufetubus's attack.
The ufetubus barely misses you.
You barely miss the ufetubus.
The ufetubus is lightly wounded.
You block the ufetubus's attack. The ufetubus misses you.
You block the ufetubus's attack. The ufetubus closely misses you.
You closely miss the ufetubus.
The ufetubus is lightly wounded.
You block the ufetubus's attack. x2; The ufetubus hits you.
You die...

#########.##
#..###
........#.#
#..#
#######.#.#
#..# #.#.#
#..#
#.#.#####..#
#.#........#
#.########.#
#.# #†# #.#
#@#
#.########5#
#.......)..#
############


You could see an ufetubus.

Vanquished Creatures
  Sigmund (D:2)
  Menkaure (D:5)
  A scorpion (D:4)
  A howler monkey (D:5)
  An iguana (D:4)
  Ijyb (D:3)
  4 adders
  A white imp (D:5)
  An ufetubus (D:4)
  2 worms (D:2)
  2 dart slugs (D:1)
  2 orcs (D:4)
  7 ball pythons
  7 endoplasms
  3 giant cockroaches
  15 goblins
  4 hobgoblins
  3 jackals (D:3)
  2 quokkas
  5 bats
  2 frilled lizards
  5 kobolds
  3 rats
74 creatures vanquished.

Notes
Turn   | Place    | Note
-------+----------+-------------------------------------------
     0 | D:1      | arthad the Formicid Fighter began the quest for the Orb.
     0 | D:1      | Reached XP level 1. HP: 18/18 MP: 1/1
   223 | D:1      | Reached XP level 2. HP: 21/24 MP: 2/2
   738 | D:1      | Reached XP level 3. HP: 28/29 MP: 3/3
   776 | D:1      | Found a faded altar of an unknown god.
   829 | D:1      | Reached skill level 4 in Shields
   960 | D:2      | Reached skill level 1 in Stealth
  1341 | D:2      | Reached XP level 4. HP: 32/36 MP: 4/4
  1379 | D:2      | Noticed Sigmund
  1388 | D:2      | Killed Sigmund
  1389 | D:2      | Reached skill level 1 in Dodging
  1389 | D:2      | Reached XP level 5. HP: 42/42 MP: 5/5
  1389 | D:2      | Reached XP level 6. HP: 48/48 MP: 6/6
  1754 | D:3      | Found an ancient bone altar of Kikubaaqudgha.
  1847 | D:3      | Found a large runed translucent door.
  1847 | D:3      | Found a large runed translucent door.
  1850 | D:3      | Noticed HallandMoats's ghost (amateur DsFi)
  2195 | D:3      | Noticed Ijyb
  2204 | D:3      | Killed Ijyb
  2462 | D:4      | Reached skill level 5 in Shields
  2790 | D:4      | Reached XP level 7. HP: 47/55 MP: 7/7
  2922 | D:4      | Noticed a hornet
  3293 | D:5      | Entered Level 5 of the Dungeon
  3303 | D:5      | Reached skill level 1 in Evocations
  3320 | D:5      | Noticed Menkaure
  3323 | D:5      | Killed Menkaure
  3347 | D:4      | HP: 2/55 [ufetubus (1)]
  3352 | D:4      | Slain by an ufetubus

Illustrated notes

Levels and vault maps discovered:
D:1:      evilmike_arrival_crescent, layout_basic,
          shapermc_ecumenical_altar_notcrosses
D:2:      layout_rooms, minmay_unequal, uniq_sigmund
D:3:      kennysheep_goblin_castle, layout_rooms,
          nicolae_kikubaaqudgha_miasma_corner, ebering_ghost_disaster_area
D:4:      layout_loops_ring, lightli_corner_chamber
D:5:      layout_cave_pods, mainiacjoe_overflow_24_doors, serial_column_ruins,
          column_ruins_courtyard_long, column_ruins_hut_water,
          column_ruins_open_small, column_ruins_columns_straight,
          column_ruins_open_tiny, column_ruins_open_tiny,
          column_ruins_open_tiny, column_ruins_grid_3, dk_noncrumbling_4,
          uniq_menkaure

Skill      XL: |  1  2  3  4  5  6  7 |
---------------+----------------------+-----
Shields        | 4 5 |  5.5
Stealth        | 1 2 |  2.6
Fighting       | 4 |  4.7
Axes           | 3 |  3.8
Armour         | 4 |  4.8
Dodging        | 1 |  1.8
Evocations     | 1 |  1.2

Action                   |  1- 3 |  4- 6 |  7- 9 || total
-------------------------+-------+-------+-------++-------
Melee: War axe           |    94 |   105 |    27 ||   226
Evoke: Wand              |       |     1 |     5 ||     6
  Use: Potion            |       |       |     3 ||     3
 Stab: Paralysed         |       |     5 |     1 ||     6
Armor: Scale mail        |    46 |    39 |    21 ||   106
Dodge: Dodged            |    42 |    48 |    36 ||   126
Block: Buckler           |    25 |    64 |    34 ||   123
       Reflection        |       |     3 |     1 ||     4
